 Dungeon Crawl Stone Soup version 0.30-a0-305-g026cb31310 (webtiles) character file.

Game seed: 16342845760707733822

79 nono the Covered (level 4, -4/40 HPs)
             Began as an Armataur Fighter on Oct 21, 2022.
             Was an Initiate of the Shining One.
             Splashed by a jelly's acid (7 damage)
             ... on level 3 of the Dungeon.
             The game lasted 00:03:02 (2181 turns).

nono the Covered (Armataur Fighter)                 Turns: 2181, Time: 00:03:03

Health: -4/40      AC:  0    Str: 23    XL:     4   Next: 16%
Magic:  4/4        EV:  7    Int:  9    God:    the Shining One [......]
Gold:   126        SH:  4    Dex:  9    Spells: 3/3 levels left

rFire   . . .      SeeInvis .    a - +0 flail
rCold   . . .      Faith    .    c - +0 buckler
rNeg    . . .      Spirit   .    b - +0 scale mail
rPois   .          Reflect  .    (no helmet)
rElec   .          Harm     .    (no cloak)
rCorr   .          Roll     +    (no gloves)
Will    .....                    (no barding)
Stlth   ..........               (no amulet)
HPRegen 0.26/turn                (no ring)
MPRegen 0.09/turn                (no ring)

@: corroded, glowing
A: large, rugged brown scales 3, deformed body, armoured tail, roll, long
tongue, awkward tongue
a: Renounce Religion


You were on level 3 of the Dungeon.
You worshipped the Shining One.
The Shining One was noncommittal.
You visited 1 branch of the dungeon, and saw 3 of its levels.

You collected 126 gold pieces.

Inventory:

Hand Weapons
 a - a +0 flail (weapon)
Armour
 b - a +0 scale mail (worn)
 c - a +0 buckler (worn)
Wands
 r - a wand of paralysis (5)
Scrolls
 i - 2 scrolls of teleportation {unknown}
 j - a scroll of torment
 m - a scroll of noise {unknown}
 n - a scroll of enchant weapon {unknown}
 o - a scroll of magic mapping
 p - a scroll of identify {unknown}
Potions
 d - 3 potions of might
 e - a potion of mutation {unknown}
 f - 4 potions of curing {unknown}
 g - a potion of resistance {unknown}
 h - 2 potions of heal wounds {unknown}
 k - a potion of degeneration {unknown}
 l - 2 potions of cancellation {unknown}
 q - a potion of haste {unknown}


   Skills:
 + Level 3.2 Fighting
 + Level 2.5 Maces & Flails
 + Level 4.3 Armour
 + Level 3.9 Shields


You had 3 spell levels left.
You didn't know any spells.
Your spell library was empty.

Dungeon Overview and Level Annotations

Branches:
Dungeon (3/15)

Altars:
Elyvilon
Zin
The Shining One


Innate Abilities, Weirdness & Mutations

You are completely covered in rugged brown scales. (AC +3, +7% HP)
Armour fits poorly on your strangely shaped body.
You have a long armoured tail.
You roll when moving toward enemies. (Rampage)
Your long tongue fully drains potion bottles. (2x potion effects)
Your tongue gives you trouble enunciating. (1.5x scroll delay)


Message History

You are too injured to fight recklessly!
You are too injured to fight recklessly!
You are too injured to fight recklessly!
You are too injured to fight recklessly!
You are too injured to fight recklessly!
You are too injured to fight recklessly!
You are too injured to fight recklessly!
You are too injured to fight recklessly!
You are too injured to fight recklessly!
You are too injured to fight recklessly!
You are too injured to fight recklessly!
You are too injured to fight recklessly!
You are too injured to fight recklessly!
You are too injured to fight recklessly!
You are too injured to fight recklessly!
You are too injured to fight recklessly!
You are too injured to fight recklessly!
You are too injured to fight recklessly!
You are too injured to fight recklessly!
You are too injured to fight recklessly!
You are too injured to fight recklessly!
You barely miss the jelly.
The jelly is lightly wounded.
The jelly hits you but does no damage. x2
You hit the jelly.
Your hands burn!
You tail-slap the jelly!
The jelly is heavily wounded.
The endoplasm jiggles.
The jelly barely misses you.
You hit the jelly but do no damage. The acid corrodes you!
Your hands burn!
* * * LOW HITPOINT WARNING * * *
The jelly is heavily wounded.
The jelly hits you.
* * * LOW HITPOINT WARNING * * *
The acid corrodes you!
You are splashed with acid!
* * * LOW HITPOINT WARNING * * *
The endoplasm jiggles.
The jelly attacks as you move away! The jelly hits you.
* * * LOW HITPOINT WARNING * * *
You are splashed with acid!
You die...

.#.#.#
#...........####.....
.#.#.#
#........)..####.....
##.#.#
#...........'..#.....
#.#.#
########....##.#(..<.
#.#.# #######.#.....
#.#)# #......# ##.#)#
###********#.>....#
...#.#
#######.##.....[####.#..#
####.####....#.#@#P÷.JP.#
#.#..#
#..##..(..#.#J#....J.#
#.#..#
#..')...[.#'#J#J..÷.P#
#.####
#..'........#)#..÷.÷.#
#.....
#..'........#J#JP..P.#
######
***#..##.......#J#....J.#
,,....###......##J.J..P.#
,######*##########......#
,,,,,,,******* *#######


You could see a jelly and 4 endoplasms.

Vanquished Creatures
  An adder (D:2)
  A worm (D:2)
  3 dart slugs
  5 ball pythons
  10 endoplasms
  6 giant cockroaches
  4 goblins
  3 jackals (D:2)
  2 quokkas
  5 bats
  3 frilled lizards
  13 kobolds
  2 rats
58 creatures vanquished.

Vanquished Creatures (others)
  8 toadstools (D:3)
8 creatures vanquished.

Grand Total: 66 creatures vanquished

Notes
Turn   | Place    | Note
-------+----------+-------------------------------------------
     0 | D:1      | nono the Armataur Fighter began the quest for the Orb.
     0 | D:1      | Reached XP level 1. HP: 19/19 MP: 1/1
   200 | D:1      | Reached XP level 2. HP: 26/26 MP: 2/2
   953 | D:2      | Reached skill level 4 in Armour
  1035 | D:2      | Reached XP level 3. HP: 33/33 MP: 3/3
  1752 | D:3      | Found a glowing silver altar of Zin.
  1752 | D:3      | Found a glowing golden altar of the Shining One.
  1754 | D:3      | Found a white marble altar of Elyvilon.
  1763 | D:3      | Became a worshipper of the Shining One
  1934 | D:3      | Reached XP level 4. HP: 40/40 MP: 4/4
  2181 | D:3      | Splashed by a jelly's acid

Illustrated notes

Levels and vault maps discovered:
D:1:      lightli_arrival_isolated_outpost, layout_basic
D:2:      layout_basic, kennysheep_generic_room_10
D:3:      cheibrodos_fertilizer, layout_basic, dreamdust_divine_triumvirate

Skill      XL: |  1  2 |
---------------+-------+-----
Maces & Flails | 2 |  2.5
Fighting       | 3 |  3.2
Armour         | 4 |  4.3
Shields        | |  3.9

Action                   |  1- 3 |  4- 6 || total
-------------------------+-------+-------++-------
Melee: Flail             |   131 |    28 ||   159
       Tailslap          |    11 |     4 ||    15
  Use: Scroll            |       |     2 ||     2
Armor: Scale mail        |    60 |    12 ||    72
Dodge: Dodged            |    60 |     8 ||    68
Block: Buckler           |    23 |     4 ||    27

Table legend: (Time is in decaauts)
 A = Elapsed time spent in this place.
 B = Non-inter-level travel time spent in this place.
 C = Inter-level travel time spent in this place.
 D = Time resting spent in this place.
 E = Time spent auto-exploring this place.
 F = Levels seen in this place.
 G = Mean time per level.
                   A        B        C        D        E       F      G
               +--------+--------+--------+--------+--------+-----+--------+
         Total |   2240 |   2188 |     52 |      0 |   1796 |   3 |  746.7 |
       Dungeon |   2240 |   2188 |     52 |      0 |   1796 |   3 |  746.7 |
               +--------+--------+--------+--------+--------+-----+--------+

Top non-repeatable levels by time:
     D:1: 939 daAuts
     D:2: 712 daAuts
     D:3: 588 daAuts
